 Dungeon Crawl Stone Soup version 0.29.1-15-g9cfb28693d (webtiles) character file.

Game seed: 13303564853863269952

101222 KamiKatze the Eclecticist (level 15, 0/86 HPs)
             Began as a Deep Elf Conjurer on Feb 23, 2023.
             Was a High Priest of Vehumet.
             Shot with an arrow by a centaur warrior (2 damage)
             ... on level 15 of the Dungeon.
             The game lasted 02:09:50 (25269 turns).

KamiKatze the Eclecticist (Deep Elf Conjurer)      Turns: 25269, Time: 02:09:50

Health: 0/86       AC: 15    Str:  8    XL:     15   Next: 82%
Magic:  32/38      EV: 14    Int: 41    God:    Vehumet [*****.]
Gold:   4062       SH:  6    Dex: 13    Spells: 13/48 levels left

rFire   + . .      SeeInvis .   o - staff of conjuration
rCold   + . .      Faith    .   F - +2 buckler
rNeg    . . .      Spirit   .   R - +2 robe {Will+}
rPois   +          Reflect  .   w - +0 helmet
rElec   .          Harm     .   X - +2 cloak
rCorr   .          Rampage  .   b - +1 pair of gloves "Jeoprayssa" {rF+ Str+4 Int+7}
Will    ++...                   D - +0 pair of boots
Stlth   ++++......              J - amulet of regeneration
HPRegen 1.04/turn               Y - ring of Cuhot {rPois rC+ Int+3}
MPRegen 0.26/turn               k - +4 ring of protection

@: no status effects
A: no striking features
a: Renounce Religion


You were on level 15 of the Dungeon.
You worshipped Vehumet.
Vehumet was extremely pleased with you.
You visited 4 branches of the dungeon, and saw 23 of its levels.
You also visited: Ice Cave.

You collected 4670 gold pieces.
You spent 608 gold pieces at shops.

Inventory:

Hand Weapons
 a - a +4 short sword of venom
Missiles
 r - 43 poisoned darts (quivered)
 H - 5 curare-tipped darts
 N - 2 throwing nets
Armour
 b - the +1 pair of gloves "Jeoprayssa" (worn) {rF+ Str+4 Int+7}
   (You acquired it on level 2 of the Orcish Mines)

   Str:       It affects your strength (+4).
   Int:       It affects your intelligence (+7).
   rF:        It protects you from fire.
 w - a +0 helmet (worn)
 D - a +0 pair of boots (worn)
 F - a +2 buckler (worn)
 R - a +2 robe of willpower (worn)
 X - a +2 cloak (worn)
 Z - a +2 robe of resistance
Magical Staves
 o - a staff of conjuration (weapon)
 O - a staff of fire
Jewellery
 e - the ring of Bojune {Fly rC+++}
   (You found it in an ice cave)

   [ring of flight]

   rC:        It renders you almost immune to cold.
   Fly:       It grants you flight.
 i - a ring of protection from fire
 k - a +4 ring of protection (right hand)
 m - a +6 ring of strength
 B - the ring "Nytit" {Fly rF+ Int+2}
   (You found it in an ice cave)

   [ring of flight]

   Int:       It affects your intelligence (+2).
   rF:        It protects you from fire.
   Fly:       It grants you flight.
 G - the ring of the Republic {Ice rPois rCorr Str+4 Dex-5}
   (You found it in an ice cave)

   [ring of ice]

   It enhances your ice magic.
   Str:       It affects your strength (+4).
   Dex:       It affects your dexterity (-5).
   rF:        It makes you vulnerable to fire.
   rC:        It protects you from cold.
   rPois:     It protects you from poison.
   rCorr:     It protects you from acid and corrosion.
 J - an amulet of regeneration (around neck)
 U - the ring of Recklessness {Str+7 Int-2 Dex+8 SInv}
   (You took it off a spriggan on level 5 of the Lair of Beasts)

   [ring of see invisible]

   Str:       It affects your strength (+7).
   Int:       It affects your intelligence (-2).
   Dex:       It affects your dexterity (+8).
   SInv:      It lets you see invisible.
 Y - the ring of Cuhot (left hand) {rPois rC+ Int+3}
   (You found it in an ice cave)

   [ring of poison resistance]

   Int:       It affects your intelligence (+3).
   rC:        It protects you from cold.
   rPois:     It protects you from poison.
Wands
 g - a wand of quicksilver (11)
 u - a wand of roots (25)
 y - a wand of flame (32)
 z - a wand of digging (4)
 L - a wand of mindburst (7)
 M - a wand of polymorph (11)
 P - a wand of paralysis (12)
Scrolls
 c - 3 scrolls of magic mapping
 h - 6 scrolls of teleportation
 n - 3 scrolls of immolation
 p - a scroll of fear
 q - 2 scrolls of torment
 s - 3 scrolls of blinking
 C - 2 scrolls of amnesia
 I - a scroll of butterflies
 W - a scroll of identify
Potions
 d - 7 potions of might
 f - 4 potions of heal wounds
 j - 10 potions of curing
 l - 4 potions of attraction
 t - 2 potions of flight
 v - 5 potions of haste
 x - 10 potions of ambrosia
 A - 3 potions of brilliance
 E - 2 potions of cancellation
 K - 2 potions of berserk rage
 Q - 2 potions of resistance
 S - a potion of magic
 V - 3 potions of mutation


   Skills:
 + Level 7.0 Fighting
 - Level 2.0 Throwing
 - Level 6.0 Dodging
 - Level 9.0 Stealth
 * Level 2.9 Shields
 * Level 17.4 Spellcasting
 * Level 15.3 Conjurations
 - Level 10.0 Hexes
 - Level 10.0 Translocations
 - Level 4.0 Transmutations
 + Level 7.7 Fire Magic
 * Level 10.8 Earth Magic
 - Level 6.0 Poison Magic
 - Level 3.0 Evocations


You had 13 spell levels left.
You knew the following spells:

 Your Spells              Type           Power      Damage    Failure   Level
a - Magic Dart            Conj           100%       1d8       0%          1
b - Searing Ray           Conj           100%       2d8       0%          2
c - Fulminant Prism       Conj/Hex       59%        3d25      1%          4
d - Iskenderun's Mystic   Conj/Tloc      100%       2d19      1%          4
e - Iron Shot             Conj/Erth      60%        9d11      1%          6
f - Irradiate             Conj/Tmut      53%        3d29      1%          5
g - Starburst             Conj/Fire      57%        6d15      1%          6
r - Olgreb's Toxic Radia  Pois           71%        N/A       1%          4
t - Ignite Poison         Fire/Tmut/Pois 71%        N/A       1%          3

Your spell library contained the following spells:

 Spells                   Type           Power      Damage    Failure   Level
 Ozocubu's Refrigeration  Ice            17%        4d11      88%         7
 Slow                     Hex            100%       N/A       0%          1
 Dazzling Flash           Conj/Hex       100%       N/A       0%          3
 Beastly Appendage        Tmut           100%       N/A       1%          1
 Freeze                   Ice            100%       1d11      1%          1
 Sting                    Tmut/Pois      100%       1d8       1%          1
 Poisonous Vapours        Pois/Air       100%       N/A       1%          2
 Sublimation of Blood     Necr           35%        N/A       1%          2
 Wereblood                Tmut           62%        N/A       1%          2
 Confusing Touch          Hex            87%        N/A       1%          3
 Frozen Ramparts          Ice            70%        1d11      1%          3
 Gell's Gravitas          Tloc           87%        N/A       1%          3
 Lesser Beckoning         Tloc           87%        N/A       1%          3
 Spider Form              Tmut/Pois      67%        N/A       1%          3
 Teleport Other           Tloc           87%        N/A       1%          3
 Hailstorm                Conj/Ice       99%        3d19      1%          4
 Petrify                  Tmut/Erth      77%        N/A       1%          4
 Iskenderun's Battlesphe  Conj           100%       2d15      1%          5
 Ozocubu's Armour         Ice            35%        N/A       3%          3
 Vampiric Draining        Necr           35%        2d8       3%          3
 Alistair's Intoxication  Tmut/Pois      44%        N/A       3%          5
 Borgnjor's Vile Clutch   Necr/Erth      34%        N/A       3%          5
 Metabolic Englaciation   Hex/Ice        33%        N/A       3%          5
 Eringya's Noxious Bog    Tmut/Pois      33%        N/A       5%          6
 Spellforged Servitor     Conj/Summ      49%        N/A       11%         7
 Simulacrum               Ice/Necr       17%        N/A       83%         6


Dungeon Overview and Level Annotations

Branches:
Dungeon (15/15)            Temple (1/1) D:5            Lair (5/5) D:8
 Shoals (0/4) Lair:3       Spider (0/4) Lair:2        Slime (0/5) Lair:5
    Orc (2/2) D:9             Elf (0/3) Orc:2        Vaults (0/5) D:14
  IceCv (visited)
 Depths: D:15

Altars:
Ashenzari
Cheibriados
Dithmenos
Elyvilon
Fedhas
Gozag
Hepliaklqana
Kikubaaqudgha
Makhleb
Nemelex Xobeh
Okawaru
Qazlal
Ru
Sif Muna
Trog
Uskayaw
Vehumet
Wu Jian
Xom
Yredelemnul
Zin
The Shining One
Jiyva

Shops:
D:4 !   D:5 ([   Orc:2 :([**

Portals:
Trove: D:14 (give 4 scrolls of fear)

Annotations:
D:6 1 runed translucent door, exclusion: door, Pascal76's ghost, novice MiBe
Lair:5 1 exclusion


Message History

The wolf spider simulacrum is lightly damaged.
The wolf spider simulacrum is knocked back by the mystic blast.
The wolf spider simulacrum slams into the rock wall!
The wolf spider simulacrum is moderately damaged.
The mystic blast hits the slime creature!
The slime creature is lightly wounded.
The slime creature is knocked back by the mystic blast.
The mystic blast hits the slime creature!
The slime creature is moderately wounded.
The slime creature is knocked back by the mystic blast.
The slime creature slams into the rock wall!
The slime creature is heavily wounded.
The slime creature quivers.
The centaur warrior shoots an arrow.
The arrow hits you!!
* * * LOW HITPOINT WARNING * * *
x2 You block the wolf spider simulacrum's attack. x2
Unknown command.
Casting: Iskenderun's Mystic Blast (safe; 1% risk of failure)
Confirm with . or Enter, or press ? or * to list all spells.
You feel a surge of power!
You erupt in a blast of force!
The mystic blast hits the slime creature!!
The slime creature is heavily wounded.
The slime creature is knocked back by the mystic blast.
The mystic blast hits the slime creature!!
The slime creature is almost dead.
The slime creature is knocked back by the mystic blast.
The slime creature slams into the rock wall!
You kill the slime creature!
Vehumet accepts your kill.
You feel your power returning.
The mystic blast hits the wolf spider simulacrum!
The wolf spider simulacrum is almost destroyed.
The wolf spider simulacrum is knocked back by the mystic blast.
The wolf spider simulacrum slams into the rock wall!
The wolf spider simulacrum vaporises!
Vehumet accepts your kill.
The centaur warrior shoots an arrow.
You block the arrow.
The centaur warrior shoots an arrow.
The arrow hits you!
* * * LOW HITPOINT WARNING * * *
You die...

.. ~~≈≈≈#
..#..~~≈#
###.......#..
...J........
J........c. ####
#.......... ##..#
#..........
##...###○@.....J..
#.[....'..........
##...###..........
##..# #...=......
..######.J........
#.............##..
#.....<.#.....# #
####..#####..##
##. ###


You could see 4 slime creatures and a centaur warrior.

Vanquished Creatures
  An orc warlord (Orc:2)
  A draconian knight (IceCv)
  Azrael (D:12)
  5 white draconians (IceCv)
  2 ettins
  A rakshasa (D:14)
  Erolcha (D:12)
  4 hydras
  3 boulder beetles
  8 vault guards (D:14)
  2 catoblepae
  4 centaur warriors
  A death knight (D:14)
  3 two-headed ogres
  6 death yaks (Lair:1)
  Erica (Lair:2)
  3 orc high priests
  2 skeletal warriors (D:14)
  An orange crystal statue (IceCv)
  A lindwurm (Lair:3)
  7 deep elf pyromancers
  3 deep elf zephyrmancers (Orc:1)
  3 orc knights
  7 ugly things
  3 cyclopes
  A large abomination (Lair:5)
  2 orc sorcerers (Orc:2)
  13 elephants
  A manticore (D:10)
  8 black mambas
  Joseph (D:7)
  Maurice (D:8)
  2 torpor snails (Lair:3)
  A smoke demon (Lair:5)
  6 storm dragon simulacra (IceCv)
  10 komodo dragons
  2 gargoyles
  4 freezing wraiths
  An unseen horror (D:10)
  15 cane toads
  A komodo dragon (shapeshifter) (D:14)
  A yaktaur (shapeshifter) (D:14)
  2 kobold demonologists (D:11)
  5 rime drakes
  2 efreet (D:14)
  A tengu conjurer (D:14)
  4 golden dragon simulacra (IceCv)
  An ancient zyme (Lair:5)
  A queen bee (Lair:3)
  A wolf spider simulacrum (D:15)
  7 trolls
  A hornet (D:8)
  13 slime creatures
  4 polar bears
  21 blink frogs
  9 dream sheep
  A spriggan (Lair:5)
  45 yaks
  5 basilisks
  3 wraiths
  5 wyverns
  4 fire elementals (D:12)
  2 steam dragons
  15 vampire mosquitoes
  Menkaure (D:4)
  Edmund (D:6)
  5 wargs
  8 water moccasins
  2 acid dragons
  2 sky beasts (D:7)
  4 ice dragon simulacra (IceCv)
  A meliai simulacrum (D:15)
  36 orc warriors
  A black bear (D:4)
  11 ogres
  8 wolves (Lair:1)
  2 phantoms
  9 centaurs
  4 kobold brigands
  6 gnoll sergeants
  9 bullfrogs
  11 scorpions
  7 necrophages
  2 small abominations (Lair:5)
  9 wights
  7 lindwurm simulacra (IceCv)
  24 killer bees (Lair:3)
  4 howler monkeys (D:8)
  A gnoll bouda (D:7)
  3 hounds
  19 orc priests
  4 iguanas
  Terence (D:2)
  Natasha (thrice) (D:4)
  20 orc wizards
  8 gnolls
  14 adders
  4 white imps
  3 ufetubi
  7 worms
  3 dart slugs
  70 orcs
  15 bats
  6 endoplasms
  7 giant cockroaches
  2 hobgoblins (D:1)
  26 kobolds
  2 quokkas (D:1)
  8 ball pythons
  4 frilled lizards
  10 goblins
  5 rats
715 creatures vanquished.

Vanquished Creatures (others)
  407 fulminant prisms
  88 fungi
  65 plants
560 creatures vanquished.

Grand Total: 1275 creatures vanquished

Notes
Turn   | Place    | Note
-------+----------+-------------------------------------------
     0 | D:1      | KamiKatze the Deep Elf Conjurer began the quest for the
                  | Orb.
     0 | D:1      | Reached XP level 1. HP: 10/10 MP: 6/6
   302 | D:1      | Reached XP level 2. HP: 15/15 MP: 2/8
   305 | D:1      | Learned a level 2 spell: Searing Ray
   443 | D:1      | Reached skill level 1 in Hexes
   562 | D:1      | Reached skill level 1 in Translocations
   615 | D:1      | Reached XP level 3. HP: 19/19 MP: 7/9
  1107 | D:2      | Reached XP level 4. HP: 24/24 MP: 7/11
  1112 | D:2      | Learned a level 4 spell: Fulminant Prism
  1191 | D:2      | Noticed Terence
  1213 | D:2      | HP: 1/24 [Terence/+0 trident (10)]
  1214 | D:2      | Killed Terence
  1410 | D:2      | Found a faded altar of an unknown god.
  1715 | D:2      | Reached skill level 4 in Spellcasting
  1720 | D:2      | Learned a level 4 spell: Iskenderun's Mystic Blast
  1738 | D:2      | Reached skill level 5 in Conjurations
  2066 | D:3      | Reached XP level 5. HP: 10/28 MP: 4/13
  2734 | D:3      | Reached XP level 6. HP: 32/32 MP: 10/15
  2740 | D:3      | Found a glowing silver altar of Zin.
  3425 | D:4      | Noticed Natasha
  3427 | D:4      | Found a shadowy altar of Dithmenos.
  3432 | D:4      | Killed Natasha
  3433 | D:4      | Reached skill level 5 in Spellcasting
  3522 | D:4      | Noticed Natasha
  3531 | D:4      | Killed Natasha
  3703 | D:4      | Noticed Menkaure
  3811 | D:4      | Killed Menkaure
  3812 | D:4      | Reached XP level 7. HP: 28/36 MP: 3/17
  3925 | D:4      | Noticed Natasha
  3929 | D:4      | Killed Natasha
  4025 | D:4      | Found Hiotuvel's Distillery.
  4093 | D:4      | Bought a potion of curing for 36 gold pieces
  4335 | D:5      | Entered Level 5 of the Dungeon
  4358 | D:5      | Found a sparkling altar of Nemelex Xobeh.
  4390 | D:5      | Found Laid's Armour Emporium.
  4391 | D:5      | Found Vifuja Ditu's Weapon Boutique.
  4501 | D:5      | Found a hide-covered altar of Uskayaw.
  4515 | D:5      | Reached skill level 6 in Spellcasting
  4515 | D:5      | Reached skill level 5 in Hexes
  4640 | D:5      | Found a staircase to the Ecumenical Temple.
  4654 | Temple   | Entered the Ecumenical Temple
  4735 | Temple   | Became a worshipper of Vehumet
  5009 | D:5      | Noticed a steam dragon
  5016 | D:5      | Killed a steam dragon
  5017 | D:5      | Reached XP level 8. HP: 41/41 MP: 10/19
  5207 | D:6      | You fall into a shaft and drop 2 floors!
  5220 | D:8      | Learned a level 5 spell: Irradiate
  5322 | D:8      | Reached skill level 1 in Transmutations
  5424 | D:8      | Reached skill level 5 in Translocations
  5587 | D:8      | Reached skill level 7 in Spellcasting
  5686 | D:8      | Noticed a hornet
  5815 | D:6      | Noticed Edmund
  5825 | D:6      | Killed Edmund
  5828 | D:6      | Reached XP level 9. HP: 40/45 MP: 13/22
  5834 | D:6      | Reached * piety under Vehumet
  5834 | D:6      | Offered knowledge of Sandblast by Vehumet.
  5942 | D:8      | Reached skill level 8 in Spellcasting
  6001 | D:6      | Found a runed translucent door.
  6004 | D:6      | Noticed a troll
  6009 | D:6      | Noticed Pascal76's ghost (novice MiBe)
  6695 | D:7      | Noticed Joseph
  6754 | D:7      | Reached skill level 1 in Evocations
  6844 | D:7      | Reached skill level 1 in Throwing
  7220 | D:7      | Killed Joseph
  7221 | D:7      | Reached skill level 9 in Spellcasting
  8066 | D:7      | Reached XP level 10. HP: 51/51 MP: 16/25
  8413 | D:8      | Found a staircase to the Lair.
  8449 | D:8      | Offered knowledge of Foxfire by Vehumet.
  8453 | D:8      | Reached ** piety under Vehumet
  8628 | D:8      | Noticed Maurice
  8635 | D:8      | Killed Maurice
  9026 | D:9      | Reached skill level 1 in Fighting
  9406 | D:9      | Offered knowledge of Ignite Poison by Vehumet.
  9414 | D:9      | Reached skill level 10 in Spellcasting
  9510 | D:9      | Learned a level 3 spell: Ignite Poison
  9515 | D:9      | Learned a level 4 spell: Olgreb's Toxic Radiance
  9654 | D:9      | Found a staircase to the Orcish Mines.
  9658 | D:9      | Reached *** piety under Vehumet
  9663 | D:9      | Reached skill level 1 in Fire Magic
  9663 | D:9      | Reached skill level 1 in Poison Magic
  9745 | D:10     | Entered Level 10 of the Dungeon
  9781 | D:10     | Noticed a manticore
  9829 | D:10     | Offered knowledge of Sticky Flame by Vehumet.
 10005 | D:10     | Reached XP level 11. HP: 57/57 MP: 21/27
 10502 | D:10     | Reached skill level 10 in Hexes
 10745 | Lair:1   | Entered Level 1 of the Lair of Beasts
 10762 | Lair:1   | Reached **** piety under Vehumet
 10777 | Lair:1   | Offered knowledge of Frozen Ramparts by Vehumet.
 10778 | Lair:1   | Reached skill level 5 in Stealth
 10896 | Lair:1   | Noticed a seven-headed hydra
 10912 | Lair:1   | Killed a seven-headed hydra
 10913 | Lair:1   | Reached skill level 10 in Conjurations
 10952 | Lair:1   | Reached skill level 5 in Dodging
 10958 | Lair:1   | Reached skill level 11 in Spellcasting
 11751 | Lair:1   | Noticed a death yak
 11752 | Lair:1   | Noticed a death yak
 11755 | Lair:1   | Noticed a death yak
 11756 | Lair:1   | Noticed a death yak
 11756 | Lair:1   | Noticed a death yak
 11760 | Lair:1   | Killed a death yak
 11761 | Lair:1   | Reached XP level 12. HP: 64/64 MP: 17/29
 11761 | Lair:1   | Noticed a death yak
 11766 | Lair:1   | Killed a death yak
 11766 | Lair:1   | Killed a death yak
 11769 | Lair:1   | Killed a death yak
 11769 | Lair:1   | Killed a death yak
 11770 | Lair:1   | Reached skill level 5 in Fire Magic
 11776 | Lair:1   | Killed a death yak
 11777 | Lair:1   | Reached skill level 5 in Poison Magic
 12024 | Lair:2   | Noticed Erica
 12030 | Lair:2   | Killed Erica
 12360 | Lair:2   | Reached skill level 12 in Spellcasting
 12622 | Lair:2   | Found a hole to the Spider Nest.
 13175 | Lair:3   | Reached skill level 10 in Translocations
 13349 | Lair:3   | Noticed a boulder beetle
 13350 | Lair:3   | Reached ***** piety under Vehumet
 13394 | Lair:3   | Killed a boulder beetle
 13434 | Lair:3   | Identified 3 scrolls of acquirement
 13434 | Lair:3   | Acquired a book of Power
 13466 | Lair:3   | Learned a level 6 spell: Iron Shot
 13466 | Lair:3   | Acquired 638 gold pieces
 13468 | Lair:3   | Acquired 1230 gold pieces
 13486 | Lair:3   | Noticed a five-headed hydra
 13500 | Lair:3   | Killed a five-headed hydra
 13500 | Lair:3   | Offered knowledge of Hailstorm by Vehumet.
 13501 | Lair:3   | Reached skill level 1 in Earth Magic
 13598 | Lair:3   | Found a staircase to the Shoals.
 13763 | Lair:3   | Reached XP level 13. HP: 69/70 MP: 21/31
 13845 | Lair:3   | Reached skill level 13 in Spellcasting
 15036 | Lair:5   | Entered Level 5 of the Lair of Beasts
 15198 | Lair:5   | Reached skill level 5 in Earth Magic
 15201 | Lair:5   | Reached skill level 14 in Spellcasting
 15521 | Lair:5   | Offered knowledge of Lightning Bolt by Vehumet.
 15522 | Lair:5   | Reached skill level 5 in Fighting
 15883 | Lair:5   | Found a viscous altar of Jiyva.
 15883 | Lair:5   | Found a staircase to the Slime Pits.
 15951 | Lair:5   | Reached XP level 14. HP: 78/78 MP: 6/34
 16596 | Lair:5   | Identified the ring of Recklessness {Str+7 Int-2 Dex+8
                  | SInv}
 17159 | Orc:1    | Entered Level 1 of the Orcish Mines
 17336 | Orc:1    | Reached skill level 15 in Spellcasting
 18397 | Orc:2    | Entered Level 2 of the Orcish Mines
 18401 | Orc:2    | Offered knowledge of Starburst by Vehumet.
 18439 | Orc:2    | Found Caxom's General Store.
 18439 | Orc:2    | Found Fonusi Qawung's Assorted Antiques.
 18839 | Orc:2    | Bought a scroll of acquirement for 572 gold pieces
 18839 | Orc:2    | Acquired the +1 pair of gloves "Jeoprayssa" {rF+ Str+4
                  | Int+7}
 18869 | Orc:2    | Learned a level 6 spell: Starburst
 18919 | Orc:2    | Found Roga's Antique Armour Shop.
 19213 | Orc:2    | Noticed an orc warlord
 19229 | Orc:2    | Killed an orc warlord
 19451 | Orc:2    | Found a staircase to the Elven Halls.
 19585 | Orc:2    | Found Woc Rula's Antique Weapon Boutique.
 19605 | Orc:2    | Found Imueremo's Book Boutique.
 20476 | D:11     | Reached skill level 16 in Spellcasting
 21395 | D:12     | Noticed Erolcha
 21398 | D:12     | Killed Erolcha
 21398 | D:12     | Offered knowledge of Yara's Violent Unravelling by Vehumet.
 21637 | D:12     | Noticed Azrael
 21639 | D:12     | Killed Azrael
 21640 | D:12     | Reached XP level 15. HP: 84/84 MP: 23/37
 22560 | D:13     | Identified the +0 plate armour of the Trilobite {rC+ Dex+4}
 22980 | D:14     | Reached skill level 10 in Earth Magic
 23215 | D:14     | Reached skill level 1 in Shields
 23365 | D:14     | Reached skill level 15 in Conjurations
 23388 | D:14     | Reached skill level 17 in Spellcasting
 23672 | D:14     | Found a gate to the Vaults.
 23680 | D:14     | Found a portal to a secret trove of treasure.
 24093 | D:15     | Entered Level 15 of the Dungeon
 24098 | D:15     | Found a frozen archway.
 24125 | IceCv    | Entered an ice cave
 24380 | IceCv    | Offered knowledge of Ozocubu's Refrigeration by Vehumet.
 24528 | IceCv    | Identified the ring of the Republic {Ice rPois rCorr Str+4
                  | Dex-5}
 24801 | IceCv    | Noticed a white draconian knight
 24896 | IceCv    | Killed a white draconian knight
 25067 | IceCv    | Identified the ring "Nytit" {Fly rF+ Int+2}
 25075 | IceCv    | Identified the ring of Cuhot {rPois rC+ Int+3}
 25080 | IceCv    | Identified the ring of Bojune {Fly rC+++}
 25269 | D:15     | HP: 2/86 [centaur warrior/arrow (10)]
 25269 | D:15     | Shot with an arrow by a centaur warrior

Illustrated notes

Levels and vault maps discovered:
D:1:      dpeg_arrival_rhombi, layout_basic
D:2:      layout_basic, hellmonk_ecumenical_altar_blasted, uniq_terence
D:3:      layout_basic, zin_treasury, minivault_19
D:4:      layout_rooms, old_standard_altar, serial_glass, glass_columns_b,
          glass_columns_a, serial_shops, nicolae_shop_trees, uniq_natasha,
          uniq_menkaure
D:5:      layout_rooms, nemelex_xobeh_ov_fountains_minmay, lemuel_crystal_altar,
          minmay_temple_entry_antechambers, eino_small_chamber_without_monster,
          minmay_crystal_room, nicolae_wooded_promenade,
          chequers_serial_rivers_small_3
D:6:      layout_basic, ebering_ghost_inner_flame, uniq_edmund
D:7:      layout_gridville, chequers_serial_rivers_small_a,
          minmay_stone_trees_small, chequers_mini_garden, grunt_tough_drop,
          uniq_joseph
D:8:      layout_basic, dpeg_oklobed_lair, chequers_avenue, uniq_maurice
D:9:      old_forge, layout_basic, kennysheep_orc_monster_closet_entryway,
          nrook_mini_vaults
D:10:     layout_loops_ring
D:11:     layout_long_grid
D:12:     layout_roguey, uniq_azrael, uniq_erolcha
D:13:     layout_basic, nicolae_concentric_dashed_squares_wild
D:14:     layout_basic, erik_vaults_2, enter_trove_0
D:15:     hangedman_depths_entry_try_elsewhere_first, layout_cave_pools,
          serial_ice, serial_ice_a, serial_ice_e, serial_ice_n, serial_ice_l,
          portal_ice_cave_entry_frozen_things, biasface_ghost_orc_armoury,
          dreamdust_mushroom_princess, minmay_misc_feat_encased, bloody_makhleb
Temple:   compressed_dpeg_circular_temple
Lair:1:   layout_chaotic_city
Lair:2:   layout_loops_ring, nicolae_spider_entry_non_spiders, serial_rivers,
          chequers_serial_rivers_marsh, chequers_serial_rivers_small_b,
          chequers_serial_rivers_room_a, chequers_serial_rivers_marsh,
          chequers_serial_rivers_micro_c, chequers_serial_rivers_micro_b,
          roderic_carrion_pond, infiniplex_staircase_pool_2, uniq_erica
Lair:3:   layout_misc_corridors, shoals_dummy_entry, special_room
          [special_room_bee], minmay_shattered_shrine
Lair:4:   layout_roguey, grunt_megastairs_1
Lair:5:   hellmonk_lair_end_abyssal_woods, layout_loops_ring, slime_entry_1,
          serial_bayou_shore_b, grunt_megastairs_5, lemuel_fruit_tree
Orc:1:    layout_caves, elves_outpost_lemuel
Orc:2:    grunt_orc_gardens, layout_caves, grunt_orc_garden, grunt_orc_garden,
          grunt_orc_garden, grunt_orc_garden, serial_shops, shop

Skill      XL: |  1  2  3  4  5  6  7  8  9 10 11 12 13 14 15 |
---------------+----------------------------------------------+-----
Hexes          | 1 2 3 4 5 7 8 9 10 | 10.0
Translocations | 1 2 3 4 5 7 8 9 10 | 10.0
Stealth        | 3 4 5 7 8 9 |  9.0
Dodging        | 3 4 5 6 |  6.0
Spellcasting   | 4 5 6 7 9 10 11 12 14 16 17 | 17.4
Conjurations   | 5 6 7 8 9 10 11 13 14 15 | 15.3
Transmutations | 3 4 |  4.0
Evocations     | 2 3 |  3.0
Throwing       | 1 2 |  2.0
Fighting       | 2 4 5 6 7 |  7.0
Fire Magic     | 1 4 6 7 |  7.7
Poison Magic   | 1 4 6 |  6.0
Earth Magic    | 1 6 9 10 | 10.8
Shields        | 2 |  2.9

Action                   |  1- 3 |  4- 6 |  7- 9 | 10-12 | 13-15 || total
-------------------------+-------+-------+-------+-------+-------++-------
Melee: Dagger            |     3 |       |       |       |       ||     3
       Short sword       |       |    11 |       |     2 |       ||    13
       Punch             |       |     1 |       |       |       ||     1
       Staff             |       |       |       |     2 |     2 ||     4
 Cast: Magic Dart        |    56 |    70 |    40 |    10 |     8 ||   184
       Searing Ray       |     2 |    17 |    19 |    22 |     2 ||    62
       Fulminant Prism   |       |     7 |    39 |    95 |   267 ||   408
       Iskenderun's Myst |       |     2 |    32 |    71 |   124 ||   229
       Olgreb's Toxic Ra |       |       |       |     2 |    17 ||    19
       Ignite Poison     |       |       |       |     2 |    15 ||    17
       Iron Shot         |       |       |       |       |    49 ||    49
       Starburst         |       |       |       |       |    19 ||    19
       Irradiate         |       |       |       |       |     1 ||     1
  Use: Potion            |       |       |     1 |       |       ||     1
       Scroll            |       |       |       |    21 |    12 ||    33
Armor: Robe              |     1 |     2 |     1 |     2 |    29 ||    35
       Steam dragon scal |       |       |    10 |     6 |       ||    16
Dodge: Dodged            |       |    12 |    17 |    42 |    48 ||   119
Block: Buckler           |       |       |       |       |     7 ||     7
